 Dungeon Crawl Stone Soup version 0.29.1-4-g47bece8355 (webtiles) character file.

Game seed: 15049248688798581072

17612 oj3 the Cleaver (level 12, -1/113 HPs)
             Began as a Minotaur Berserker on Dec 8, 2022.
             Was a High Priest of Trog.
             Slain by a 12-headed hydra (8 damage)
             ... on level 2 of the Lair of Beasts on Dec 10, 2022.
             The game lasted 01:02:13 (12261 turns).

oj3 the Cleaver (Minotaur Berserker)               Turns: 12261, Time: 01:02:13

Health: -1/113     AC: 22    Str: 29    XL:     12   Next: 20%
Magic:  11/11      EV: 13    Int:  4    God:    Trog [*****.]
Gold:   578        SH:  0    Dex: 14    Spells: 11/11 levels left

rFire   . . .      SeeInvis .   C - +7 hand axe "Rofrinou" {vorpal, *Corrode Str+4 Dex+2}
rCold   . . .      Faith    .   (no shield)
rNeg    . . .      Spirit   .   E - +0 plate armour
rPois   +          Reflect  .   (helmet restricted)
rElec   .          Harm     .   F - +0 cloak
rCorr   .          Rampage  .   (no gloves)
Will    .....                   m - +0 pair of boots
Stlth   ..........              H - amulet of regeneration
HPRegen 1.08/turn               I - ring of poison resistance
MPRegen 0.12/turn               D - +4 ring of protection

@: no status effects
A: horns 2, retaliatory headbutt
a: Renounce Religion, Berserk, Trog's Hand, Brothers in Arms


You were on level 2 of the Lair of Beasts.
You worshipped Trog.
Trog was extremely pleased with you.
You visited 3 branches of the dungeon, and saw 12 of its levels.

You collected 578 gold pieces.

Inventory:

Hand Weapons
 C - the +7 hand axe "Rofrinou" (weapon) {vorpal, *Corrode Str+4 Dex+2}
   (You found it on level 5 of the Dungeon)

   It inflicts extra damage upon your enemies.
   Str:       It affects your strength (+4).
   Dex:       It affects your dexterity (+2).
   *Corrode:  It may corrode you when you take damage.
 N - the +5 hand axe "Voegeok" {venom, rElec rF- rCorr Dex+2}
   (You found it on level 1 of the Lair of Beasts)

   It poisons the flesh of those it strikes.
   Dex:       It affects your dexterity (+2).
   rF:        It makes you vulnerable to fire.
   rElec:     It insulates you from electricity.
   rCorr:     It protects you from acid and corrosion.
Missiles
 b - 116 stones (quivered)
Armour
 m - a +0 pair of boots (worn)
 E - a +0 plate armour (worn)
 F - a +0 cloak (worn)
Jewellery
 w - a +6 ring of dexterity
 D - a +4 ring of protection (right hand)
 H - an amulet of regeneration (around neck)
 I - a ring of poison resistance (left hand)
 Q - a ring of positive energy
Wands
 y - a wand of flame (29)
 z - a wand of charming (10)
 A - a wand of mindburst (20)
 M - a wand of polymorph (9)
Scrolls
 a - 2 scrolls of fear {unknown}
 c - 7 scrolls of teleportation
 f - 4 scrolls of identify
 g - 3 scrolls of amnesia
 k - 5 scrolls of enchant weapon
 n - a scroll of magic mapping {unknown}
 o - 2 scrolls of acquirement
 r - 2 scrolls of noise
 s - a scroll of summoning
 u - a scroll of torment
 x - a scroll of silence {unknown}
 B - a scroll of vulnerability
 G - 2 scrolls of butterflies
 J - a scroll of immolation
Potions
 d - 3 potions of brilliance {unknown}
 e - 2 potions of might
 h - 12 potions of curing
 i - 2 potions of attraction {unknown}
 j - 2 potions of degeneration {unknown}
 l - 3 potions of haste {unknown}
 p - 3 potions of invisibility {unknown}
 q - 3 potions of lignification {unknown}
 t - 2 potions of flight {unknown}
 v - 5 potions of heal wounds {unknown}
 K - a potion of magic {unknown}
 L - a potion of mutation {unknown}
 O - a potion of cancellation {unknown}
 P - a potion of berserk rage {unknown}


   Skills:
 + Level 12.6 Fighting
 + Level 12.6 Axes
 + Level 12.3 Armour
 + Level 11.3 Dodging


You had 11 spell levels left.
You didn't know any spells.
Your spell library was empty.

Dungeon Overview and Level Annotations

Branches:
Dungeon (8/15)             Temple (1/1) D:4            Lair (3/5) D:8
  Snake (0/4) Lair:2
  Swamp: Lair:2-3    Shoals: Lair:2-3

Altars:
Ashenzari
Cheibriados
Dithmenos
Elyvilon
Fedhas
Hepliaklqana
Kikubaaqudgha
Makhleb
Qazlal
Sif Muna
Uskayaw
Vehumet
Wu Jian
Xom
Yredelemnul
Zin
The Shining One

Shops:
D:2 (   D:6 *   D:8 *


Innate Abilities, Weirdness & Mutations

You have a pair of horns on your head.
You reflexively headbutt those who attack you in melee.


Message History

You headbutt the ten-headed hydra!
The ten-headed hydra is severely wounded.
The ten-headed hydra misses you.
The ten-headed hydra bites you but does no damage.
The ten-headed hydra bites you! The ten-headed hydra bites you.
The ten-headed hydra closely misses you.
The ten-headed hydra completely misses you.
The ten-headed hydra misses you.
The ten-headed hydra closely misses you.
The ten-headed hydra bites you. The ten-headed hydra bites you!
You hit the ten-headed hydra. You headbutt the ten-headed hydra!!
The ten-headed hydra is almost dead.
You hack one of the ten-headed hydra's heads off!
The nine-headed hydra grows two more!
You hit the 11-headed hydra. You headbutt the 11-headed hydra.
The 11-headed hydra is almost dead.
The 11-headed hydra bites you!
* * * LOW HITPOINT WARNING * * *
The 11-headed hydra bites you!
* * * LOW HITPOINT WARNING * * *
The 11-headed hydra misses you.
The 11-headed hydra barely misses you. x2
The 11-headed hydra bites you but does no damage. x4
The 11-headed hydra barely misses you.
The 11-headed hydra bites you but does no damage.
You lop one of the 11-headed hydra's heads off!
The ten-headed hydra grows two more!
You slash the 12-headed hydra! You headbutt the 12-headed hydra.
The 12-headed hydra is almost dead.
The 12-headed hydra bites you!
* * * LOW HITPOINT WARNING * * *
The 12-headed hydra bites you but does no damage.
The 12-headed hydra bites you.
* * * LOW HITPOINT WARNING * * *
The 12-headed hydra bites you but does no damage. x2
The 12-headed hydra closely misses you.
The 12-headed hydra bites you but does no damage. x2
The 12-headed hydra bites you.
* * * LOW HITPOINT WARNING * * *
The 12-headed hydra misses you. The 12-headed hydra bites you!
You die...

#..##.##.##.#####.# #.#'###.##.##
#..#..##..##......###.....###....
...........#.#..##.#.....#...#...
#..................#.....#.#....[
#.#......).#...8...'.#.8.#.+...8.
..#................#.....#.......
...........#.##.##.#.#.....#.#.#.
...........#.......##......##....
.....>....#.##.#@##.###'###.##.##
..............>D##P.#....####.##.
..#.................#.....#......
..........####...####8.>.8.......
..#........# #.### #.....#......
..#.......####..## #..8..#......
..#.......# #..#.# ####.##.P.#..
..###....## #..### ##.#######.#..
..##P....# ##..# #..# #P....


You could see a 12-headed hydra.

Vanquished Creatures
  Erica (D:8)
  A cyclops (D:6)
  4 black mambas
  9 elephants
  Maggie (D:7)
  6 cane toads
  A rime drake (Lair:2)
  An unseen horror zombie (D:8)
  2 komodo dragons
  A troll (D:8)
  4 blink frogs (Lair:1)
  A vampire (D:8)
  A steam dragon (Lair:1)
  16 yaks (Lair:1)
  Menkaure (D:6)
  6 water moccasins
  2 ice beasts
  3 orc warriors
  2 black bears
  2 sky beasts
  A centaur (D:8)
  8 wolves
  A kobold brigand (D:7)
  5 bullfrogs
  5 scorpions
  A gnoll sergeant (D:8)
  A necrophage (D:6)
  4 wights (D:8)
  3 killer bees (D:7)
  3 howler monkeys (D:7)
  3 electric eels (D:8)
  6 hounds
  3 gnoll boudas
  3 orc priests
  Natasha (D:1)
  3 iguanas
  4 orc wizards
  23 gnolls
  6 adders
  2 shadow imps
  A white imp (D:5)
  An ufetubus (D:5)
  2 worms
  3 dart slugs
  17 orcs
  6 ball pythons
  6 bats
  8 endoplasms
  A giant cockroach (D:3)
  10 goblins
  9 hobgoblins
  6 jackals (D:1)
  4 quokkas
  5 frilled lizards
  9 kobolds
  4 rats
243 creatures vanquished.

Vanquished Creatures (collateral kills)
  A hydra (Lair:1)
  An unseen horror zombie (D:8)
  Psyche (D:8)
  A centaur (D:8)
  2 wights (D:8)
  A centaur zombie (D:8)
7 creatures vanquished.

Vanquished Creatures (others)
  13 fungi
  13 plants
  5 withered plants (D:8)
31 creatures vanquished.

Grand Total: 281 creatures vanquished

Notes
Turn   | Place    | Note
-------+----------+-------------------------------------------
     0 | D:1      | oj3 the Minotaur Berserker began the quest for the Orb.
     0 | D:1      | Reached XP level 1. HP: 19/19 MP: 0/0
   115 | D:1      | Reached XP level 2. HP: 12/27 MP: 1/1
   551 | D:1      | Found a faded altar of an unknown god.
   997 | D:1      | Reached XP level 3. HP: 31/33 MP: 2/2
  1582 | D:2      | Noticed Natasha
  1687 | D:1      | Killed Natasha
  1687 | D:1      | Reached ** piety under Trog
  1688 | D:1      | Reached XP level 4. HP: 37/41 MP: 3/3
  2363 | D:2      | Found Yqarrur's Antique Weapon Shop.
  2520 | D:3      | Found a shimmering blue altar of Sif Muna.
  2533 | D:3      | Found a hazy altar of Hepliaklqana.
  2645 | D:3      | Reached XP level 5. HP: 47/47 MP: 4/4
  2667 | D:3      | Found a glowing silver altar of Zin.
  3366 | D:4      | Found an ancient bone altar of Kikubaaqudgha.
  3654 | D:4      | Found a glowing golden altar of the Shining One.
  3770 | D:4      | Found a staircase to the Ecumenical Temple.
  3775 | Temple   | Entered the Ecumenical Temple
  4039 | D:5      | Entered Level 5 of the Dungeon
  4369 | D:5      | Reached skill level 5 in Fighting
  4369 | D:5      | Reached skill level 5 in Axes
  4369 | D:5      | Reached XP level 6. HP: 56/56 MP: 5/5
  4667 | D:5      | Noticed a sky beast
  4687 | D:5      | Killed a sky beast
  4699 | D:5      | Reached *** piety under Trog
  4700 | D:5      | Reached skill level 5 in Armour
  4700 | D:5      | Reached XP level 7. HP: 57/62 MP: 6/6
  5011 | D:5      | Identified the +7 hand axe "Rofrinou" {vorpal, *Corrode
                  | Str+4 Dex+2}
  5822 | D:6      | Reached skill level 5 in Dodging
  6086 | D:6      | Noticed a cyclops
  6107 | D:6      | Killed a cyclops
  6108 | D:6      | Reached XP level 8. HP: 45/71 MP: 7/7
  6776 | D:6      | Found Luseobie's Assorted Antiques.
  6885 | D:6      | Noticed Menkaure
  6892 | D:6      | Killed Menkaure
  7155 | D:6      | Found a broken altar of Ashenzari.
  7616 | D:7      | Reached XP level 9. HP: 73/81 MP: 8/8
  7633 | D:7      | Reached **** piety under Trog
  8062 | D:7      | Noticed Maggie
  8082 | D:7      | Killed Maggie
  8488 | D:7      | Identified 2 scrolls of acquirement
  8684 | D:8      | Reached XP level 10. HP: 62/91 MP: 9/9
  8684 | D:8      | Noticed Psyche
  8689 | D:8      | Killed Psyche
  8767 | D:8      | Noticed Erica
  8778 | D:8      | Killed Erica
  8779 | D:8      | Reached skill level 10 in Fighting
  8779 | D:8      | Reached skill level 10 in Axes
  8973 | D:8      | Found Unnyzec's Assorted Antiques.
  9001 | D:8      | Identified the +10 mace of Xoilik {spect, Will+ rCorr}
  9061 | D:8      | Found a staircase to the Lair.
  9321 | D:8      | Found a shadowy altar of Dithmenos.
  9410 | Lair:1   | Entered Level 1 of the Lair of Beasts
  9445 | Lair:1   | Noticed a seven-headed hydra
  9451 | Lair:1   | Killed a seven-headed hydra
  9452 | Lair:1   | Reached skill level 10 in Armour
  9549 | Lair:1   | Noticed a cane toad
  9558 | Lair:1   | Killed a cane toad
  9697 | Lair:1   | Reached XP level 11. HP: 101/101 MP: 10/10
  9910 | Lair:1   | Reached ***** piety under Trog
  9920 | Lair:1   | Reached skill level 10 in Dodging
 10349 | Lair:1   | Identified the +5 hand axe "Voegeok" {venom, rElec rF-
                  | rCorr Dex+2}
 11038 | Lair:2   | Found a staircase to the Snake Pit.
 11303 | Lair:2   | Reached XP level 12. HP: 112/112 MP: 11/11
 12249 | Lair:3   | Noticed an eight-headed hydra
 12261 | Lair:2   | Slain by a 12-headed hydra

Illustrated notes

Levels and vault maps discovered:
D:1:      reono_arrival_forest_river, layout_basic,
          shapermc_ecumenical_altar_ellora
D:2:      layout_rooms, serial_shops, nicolae_shop_crystal, minmay_hexomino_c4,
          uniq_natasha
D:3:      layout_rooms, zin_academy, grunt_temple_overflow_open,
          chequers_serial_rivers_room_b, minmay_misc_feat_chi
D:4:      layout_loops_cross, mainiacjoe_overflow_alcove_4,
          mainiacjoe_overflow_brackets, temple_doors_ab
D:5:      layout_loops_corners, corexii_shack
D:6:      layout_loops_cross, mainiacjoe_overflow_boulevard, serial_shops, shop,
          uniq_menkaure
D:7:      layout_rooms, uniq_maggie
D:8:      layout_basic, nicolae_dithmenos_through_a_glass_darkly,
          erik_lair_island, serial_undead, serial_undead_b, serial_undead_b,
          serial_undead_b, serial_undead_a, serial_shops,
          nicolae_shop_hallway_plus, uniq_psyche, uniq_erica
Temple:   chequers_temple_sunken
Lair:1:   layout_hall_layers, grunt_megastairs_4
Lair:2:   layout_gridlike, dummy_snake_entry, grunt_megastairs_1,
          lemuel_fruit_tree
Lair:3:   layout_roguey, minmay_shoals_entry_beasts

Skill      XL: |  1  2  3  4  5  6  7  8  9 10 11 12 |
---------------+-------------------------------------+-----
Fighting       | 4 5 6 7 9 10 12 | 12.6
Axes           | 4 5 6 7 9 10 12 | 12.6
Armour         | 3 4 5 6 7 9 10 11 12 | 12.3
Dodging        | 3 4 5 6 8 9 11 | 11.3

Action                   |  1- 3 |  4- 6 |  7- 9 | 10-12 || total
-------------------------+-------+-------+-------+-------++-------
Melee: Hand axe          |    85 |   116 |   187 |   268 ||   656
       Headbutt          |    15 |    25 |    37 |    64 ||   141
       Punch             |       |     2 |     1 |     4 ||     7
Throw: Stone             |       |     3 |     2 |     5 ||    10
Invok: Trog's Hand       |       |       |     1 |       ||     1
       Brothers in Arms  |       |       |     1 |       ||     1
       Berserk           |       |       |       |     1 ||     1
Evoke: Wand              |       |       |     5 |     1 ||     6
  Use: Scroll            |       |       |     9 |     2 ||    11
Armor: Animal skin       |    15 |       |       |       ||    15
       Ring mail         |     6 |    40 |    14 |       ||    60
       Plate armour      |       |       |    78 |   164 ||   242
Dodge: Dodged            |    54 |    72 |   116 |   145 ||   387
